 Dungeon Crawl Stone Soup version 0.29.1-2-gbd0b4ee654 (webtiles) character file.

Game seed: 14825049053848247425

103 H0rd4k the Charlatan (level 4, 0/31 HPs)
             Began as an Octopode Artificer on Nov 30, 2022.
             Slain by an orc wizard
             ... wielding a +0 dagger
              (4 damage)
             ... on level 3 of the Dungeon.
             The game lasted 00:01:37 (2496 turns).

H0rd4k the Charlatan (Octopode Artificer)           Turns: 2496, Time: 00:01:38

Health: 0/31       AC:  1    Str: 11    XL:     4   Next: 79%
Magic:  6/6        EV: 13    Int: 15    God:
Gold:   179        SH:  0    Dex: 12    Spells: 6/6 levels left

rFire   . . .      SeeInvis .     - Unarmed
rCold   . . .      Faith    .   (no shield)
rNeg    . . .      Spirit   .   (helmet restricted)
rPois   .          Reflect  .   (no amulet)
rElec   .          Harm     .   (no ring)
rCorr   .          Rampage  .   (no ring)
Will    .....                   (no ring)
Stlth   +++.......              (no ring)
HPRegen 0.10/turn               (no ring)
MPRegen 0.10/turn               (no ring)
                                (no ring)
                                (no ring)

@: no status effects
A: almost no armour, amphibious, 8 rings, camouflage 1, gelatinous body 1,
(nimble swimmer 1), tentacles
a: no special abilities


You were on level 3 of the Dungeon.
You visited 1 branch of the dungeon, and saw 3 of its levels.

You collected 179 gold pieces.

Inventory:

Wands
 b - a wand of flame (15) (quivered)
 c - a wand of charming (15)
 d - a wand of iceblast (4)
Scrolls
 a - a scroll of amnesia {unknown}
 f - 2 scrolls of identify {unknown}
 g - a scroll of vulnerability {unknown}
 h - 2 scrolls of magic mapping {unknown}
 j - a scroll of noise {unknown}
 m - 2 scrolls of enchant weapon {unknown}
 n - a scroll of poison {unknown}
Potions
 e - 2 potions of flight {unknown}
 i - a potion of curing {unknown}
 k - 2 potions of heal wounds {unknown}
 l - a potion of haste {unknown}


   Skills:
 * Level 3.0 Fighting
 + Level 1.2 Maces & Flails
 - Level 2.3 Dodging
 - Level 1.3 Stealth
 + Level 1.3 Unarmed Combat
 * Level 1.8 Spellcasting
 - Level 3.2 Evocations


You had 6 spell levels left.
You didn't know any spells.
Your spell library was empty.

Dungeon Overview and Level Annotations

Branches:
Dungeon (3/15)

Altars:
Kikubaaqudgha
Sif Muna

Annotations:
D:3 Robin


Innate Abilities, Weirdness & Mutations

You cannot wear most types of armour.
You are amphibious.
You can wear up to eight rings at the same time.
Your skin changes colour to match your surroundings (Stealth+).
Your rubbery body absorbs attacks. (AC +1, EV +1)
((You are camouflaged when in or above water. (Stealth+)))
You have tentacles for arms and can constrict up to eight enemies at once.


Message History

A goblin comes into view. It is wielding a +0 club. x2
The goblin attacks as you move away! The goblin misses you.
The goblin attacks as you move away! The goblin completely misses you.
The goblin attacks as you move away! The goblin misses you.
There is a fountain of clear blue water here.
You open the door.
An orc wizard comes into view. It is wielding a +0 dagger.
The goblin hits you but does no damage.
Found an ancient bone altar of Kikubaaqudgha.
The goblin misses you. The goblin hits you but does no damage.
You open the door.
An orc wizard comes into view. It is wielding a +0 dagger.
The goblin hits you with a +0 club. The goblin barely misses you.
Found a shimmering blue altar of Sif Muna.
There is an open door here.
The goblin attacks as you move away! The goblin closely misses you.
The orc wizard casts a spell.
The orc wizard flickers and vanishes!
Deactivating autopickup; reactivate with Ctrl-A.
You tentacle-slap something. Your squeeze misses something. Something hits you.
You barely miss something. Your squeeze misses something.
The goblin closely misses you. Something completely misses you.
You miss something.
Your tentacle-slap misses something.
The goblin barely misses you. Something hits you. The goblin barely misses you.
The goblin closely misses you.
You miss something. The goblin closely misses you. The goblin misses you.
The goblin barely misses you. Something hits you.
You closely miss something. Your squeeze misses something.
The goblin hits you but does no damage. The goblin hits you with a +0 dagger.
The goblin barely misses you. Something hits you.
You miss something. Your squeeze misses something.
The goblin hits you with a +0 club. The goblin misses you.
The goblin barely misses you. Something hits you.
You barely miss something. The goblin hits you with a +0 club.
* * * LOW HITPOINT WARNING * * *
The goblin hits you with a +0 dagger.
* * * LOW HITPOINT WARNING * * *
The goblin barely misses you. Something hits you.
You die...

#........####.....###.###.#
.........'.#####......# #.#
#........#.#####...######.#
####.....#.##......## ##..#
#.....#'##.......# #..##
..................###.##
...###############.##..#
#... #.o.#.{.#.##.### #..
#...#g@g#......#
##+###'###g##....#.#
#...........#..>##.#
#....⌠.⌠....######.#
##....⌠....## ..#.#
##..⌠.⌠..## #.#.######
##.....## #.#......#
###.### #.#..###.# #.#
#.#..#


You could see 3 goblins.

Vanquished Creatures
  2 adders
  3 gnolls (D:2)
  2 dart slugs
  3 ball pythons
  6 bats
  2 endoplasms (D:1)
  A giant cockroach (D:2)
  8 goblins
  4 hobgoblins
  5 jackals
  6 kobolds
  A quokka (D:3)
  4 frilled lizards
  3 rats
50 creatures vanquished.

Notes
Turn   | Place    | Note
-------+----------+-------------------------------------------
     0 | D:1      | H0rd4k the Octopode Artificer began the quest for the Orb.
     0 | D:1      | Reached XP level 1. HP: 13/13 MP: 1/1
   167 | D:1      | Reached XP level 2. HP: 16/18 MP: 3/3
   169 | D:1      | Reached skill level 1 in Spellcasting
   916 | D:2      | Reached XP level 3. HP: 24/24 MP: 4/4
  1387 | D:2      | Reached skill level 1 in Maces & Flails
  1499 | D:2      | Reached XP level 4. HP: 15/30 MP: 6/6
  1918 | D:2      | Reached skill level 1 in Unarmed Combat
  2470 | D:3      | Noticed Robin
  2483 | D:3      | Found an ancient bone altar of Kikubaaqudgha.
  2487 | D:3      | Found a shimmering blue altar of Sif Muna.
  2496 | D:3      | Slain by an orc wizard

Illustrated notes

Levels and vault maps discovered:
D:1:      denvon_arrival_planthouse, layout_rooms
D:2:      layout_rooms
D:3:      layout_basic, palyth_temple_overflow_mages,
          hellmonk_ecumenical_altar_arch_garden, uniq_robin

Skill      XL: |  1  2  3  4 |
---------------+-------------+-----
Spellcasting   | 1 |  1.8
Fighting       | 2 3 |  3.0
Maces & Flails | 1 |  1.2
Unarmed Combat | 1 |  1.3
Dodging        | |  2.3
Stealth        | |  1.3
Evocations     | |  3.2

Action                   |  1- 3 |  4- 6 || total
-------------------------+-------+-------++-------
Melee: Club              |    18 |       ||    18
       Tentacles         |    22 |    15 ||    37
       Constrict         |    18 |    13 ||    31
       Unarmed           |    45 |    54 ||    99
       Punch             |     2 |     1 ||     3
Evoke: Wand              |     1 |       ||     1
 Stab: Sleeping          |     3 |       ||     3
Armor: Skin              |     6 |     9 ||    15
Dodge: Dodged            |    68 |    58 ||   126
